 Dungeon Sprint DCSS version 0.30-a0-272-gf98c3da03f (webtiles) character file.

Game seed: 15953626654388236670

138 rocky1 the Grappler (level 5, -7/50 HPs)
             Began as a Troll Monk on Oct 16, 2022.
             Mangled by a fire elemental (14 damage)
             ... summoned by a deep elf pyromancer
             ... in the Dungeon (Sprint III: "The Ten Rune Challenge").
             The game lasted 00:01:47 (290 turns).

rocky1 the Grappler (Troll Monk)                     Turns: 290, Time: 00:01:47

Health: -7/50      AC:  4    Str: 19    XL:     5   Next: 1%
Magic:  4/4        EV: 14    Int:  8    God:
Gold:   38         SH:  0    Dex: 12    Spells: 4/4 levels left

rFire   . . .      SeeInvis .      - Unarmed
rCold   . . .      Faith    .    (no shield)
rNeg    . . .      Spirit   .    a - +0 robe
rPois   .          Reflect  .    (helmet restricted)
rElec   .          Harm     .    (no cloak)
rCorr   .          Rampage  .    (gloves unavailable)
Will    .....      NoTele   +    (boots unavailable)
Stlth   ++........               (no amulet)
HPRegen 1.08/turn                i - +4 ring of evasion
MPRegen 0.09/turn                (no ring)

@: no status effects
A: large, unfitting armour, claws 3, regeneration 1, shaggy fur 1, tough skin 1
a: no special abilities


You were in the Dungeon.
You visited 1 branch You collected 38 gold pieces.

Inventory:

Armour
 a - a +0 robe (worn)
Jewellery
 i - a +4 ring of evasion (left claw)
Scrolls
 h - a scroll of blinking
 k - 2 scrolls of immolation {unknown}
 l - a scroll of identify {unknown}
 n - a scroll of poison {unknown}
Potions
 b - a potion of ambrosia
 c - 2 potions of curing
 d - a potion of heal wounds
 e - a potion of haste
 f - 2 potions of magic
 g - 2 potions of berserk rage
 j - 2 potions of mutation {unknown}
 m - 3 potions of flight


   Skills:
 - Level 2.4 Fighting
 - Level 2.4 Dodging
 - Level 1.0 Stealth
 + Level 10.4 Unarmed Combat


You had 4 spell levels left.
You didn't know any spells.
Your spell library contained the following spells:

 Spells                   Type           Power      Damage    Failure   Level
 Cigotuvi's Dreadful Rot  Necr/Pois/Air  0%         N/A       54%         2
 Poisonous Vapours        Pois/Air       0%         N/A       54%         2
 Mephitic Cloud           Conj/Pois/Air  0%         N/A       78%         3


Dungeon Overview and Level Annotations

Branches:
Dungeon (1/1)

Altars:
Elyvilon
Kikubaaqudgha
Sif Muna
Vehumet
Zin
The Shining One


Innate Abilities, Weirdness & Mutations

You are too large for most types of armour.
You have claws for hands.
Your natural rate of healing is unusually fast.
You are covered in fur. (AC +1)
You have tough skin. (AC +1)


Message History

You add the spells Poisonous Vapours, Cigotuvi's Dreadful Rot and Mephitic Cloud to your library.
You now have 38 gold pieces (gained 10).
There is an open door here.
Items here: )) [[.
There is a fountain of clear blue water here.
You open the door.
Found three altars.
A deep elf pyromancer comes into view.
It is wielding a +2 long sword of holy wrath.
Found a potion of curing.
The deep elf pyromancer shouts!
There is an open door here.
You barely miss the deep elf pyromancer.
The deep elf pyromancer casts a spell.
You claw the deep elf pyromancer!
The deep elf pyromancer is moderately wounded.
The deep elf pyromancer barely misses you.
The fire elemental misses you.
You claw the deep elf pyromancer!
The deep elf pyromancer is heavily wounded.
The deep elf pyromancer hits you with a +2 long sword of holy wrath!
The fire elemental closely misses you.
You scratch the deep elf pyromancer.
The deep elf pyromancer is heavily wounded.
The fire elemental barely misses you. x2
You barely miss the deep elf pyromancer.
The deep elf pyromancer is heavily wounded.
The deep elf pyromancer hits you with a +2 long sword of holy wrath!
The fire elemental misses you. The fire elemental hits you.
The fire elemental burns you!
You closely miss the deep elf pyromancer.
The deep elf pyromancer is heavily wounded.
The fire elemental hits you. The fire elemental burns you!
The deep elf pyromancer casts a spell.
The fire elemental closely misses you.
You claw the deep elf pyromancer!
The deep elf pyromancer is almost dead.
The fire elemental hits you. The fire elemental burns you!
* * * LOW HITPOINT WARNING * * *
The fire elemental hits you. The fire elemental burns you!
You die...

▓▓▓▓ ▓▓▓ ...#### ##.#####
......#####..#_°E#
...†...#..#..#!eE#
#.##...#..#..###@#+###+##
#.###..##'#..#...E......#
##.##..###...'.⌠........#
†.##..####...#...######+#
..##..###....#.⌠.#
.##...##.....#)..#
##....#......#'###
##..##†#.....#...# #..
####....#___#


You could see a deep elf pyromancer and 3 fire elementals.

Vanquished Creatures
  A water elemental (D)
  A wizard (D)
  A kobold demonologist (D)
  A human (D)
  A wolf (D)
  An endoplasm (D)
  3 rats (D)
9 creatures vanquished.

Notes
Turn   | Place    | Note
-------+----------+-------------------------------------------
     0 | D        | rocky1 the Troll Monk began the quest for the Orb.
     0 | D        | Reached XP level 1. HP: 22/22 MP: 0/0
    32 | D        | Reached skill level 4 in Unarmed Combat
    49 | D        | Noticed a wolf
    68 | D        | Reached skill level 6 in Unarmed Combat
    68 | D        | Reached XP level 2. HP: 18/29 MP: 1/1
    90 | D        | Reached skill level 7 in Unarmed Combat
    90 | D        | Reached XP level 3. HP: 17/36 MP: 2/2
   231 | D        | Noticed a water elemental
   236 | D        | Killed a water elemental
   237 | D        | Reached skill level 9 in Unarmed Combat
   237 | D        | Reached XP level 4. HP: 36/44 MP: 3/3
   249 | D        | Found a radiant altar of Vehumet.
   249 | D        | Found a shimmering blue altar of Sif Muna.
   249 | D        | Found an ancient bone altar of Kikubaaqudgha.
   249 | D        | Noticed a wizard
   262 | D        | Killed a wizard
   263 | D        | Reached skill level 10 in Unarmed Combat
   263 | D        | Reached XP level 5. HP: 44/50 MP: 4/4
   282 | D        | Found a glowing silver altar of Zin.
   282 | D        | Found a glowing golden altar of the Shining One.
   282 | D        | Found a white marble altar of Elyvilon.
   283 | D        | Noticed a deep elf pyromancer
   285 | D        | Noticed a fire elemental
   285 | D        | Noticed a fire elemental
   290 | D        | Noticed a fire elemental
   290 | D        | Mangled by a fire elemental

Illustrated notes

Levels and vault maps discovered:
D:        dungeon_sprint_mu [sprint_mu_entry_cave, sprint_mu_temple_rooms,
          sprint_mu_d1_horrors, sprint_mu_d2_genie, sprint_mu_d3_branching,
          sprint_mu_orc_legion, sprint_mu_elf_gauntlet, sprint_mu_hive_nellie,
          sprint_mu_lair_fedhas, sprint_mu_vaults_butterflies,
          sprint_mu_slime_circle, sprint_mu_swamp_cave, sprint_mu_shoals_kraken,
          sprint_mu_blade_basic, sprint_mu_crypt_chambers,
          sprint_mu_tomb_spiral, sprint_mu_vestibule_basic,
          sprint_mu_gehenna_hellfire, sprint_mu_dis_giant,
          sprint_mu_tartarus_statrot, sprint_mu_cocytus_islands, sprint_mu_zot1]

Skill      XL: |  1  2  3  4 |
---------------+-------------+-----
Unarmed Combat | 6 7 9 10 | 10.4
Fighting       | |  2.4
Dodging        | |  2.4
Stealth        | |  1.0

Action                   |  1- 3 |  4- 6 || total
-------------------------+-------+-------++-------
Melee: Unarmed           |    33 |    17 ||    50
       Punch             |     2 |       ||     2
 Stab: Sleeping          |     2 |       ||     2
Armor: Robe              |     4 |     6 ||    10
Dodge: Dodged            |    14 |    10 ||    24

Table legend: (Time is in decaauts)
 A = Elapsed time spent in this place.
 B = Non-inter-level travel time spent in this place.
 C = Inter-level travel time spent in this place.
 D = Time resting spent in this place.
 E = Time spent auto-exploring this place.
 F = Levels seen in this place.
 G = Mean time per level.
                   A        B        C        D        E       F      G
               +--------+--------+--------+--------+--------+-----+--------+
         Total |    283 |    283 |      0 |    135 |     26 |   1 |  283.0 |
       Dungeon |    283 |    283 |      0 |    135 |     26 |   1 |  283.0 |
               +--------+--------+--------+--------+--------+-----+--------+

Top non-repeatable levels by time:
       D: 283 daAuts
